 Dungeon Crawl Stone Soup version 0.30-a0-702-gdf48620a09 (webtiles) character file.

Game seed: 160680694010363131

89 bande the Covered (level 4, -1/29 HPs)
             Began as a Gargoyle Fighter on Jan 22, 2023.
             Slain by Sigmund
             ... wielding a +0 scythe
              (7 damage)
             ... on level 2 of the Dungeon.
             The game lasted 00:02:39 (1129 turns).

bande the Covered (Gargoyle Fighter)                Turns: 1129, Time: 00:02:40

Health: -1/29      AC: 10    Str: 20    XL:     4   Next: 55%
Magic:  4/4        EV:  8    Int:  8    God:
Gold:   15         SH:  9    Dex: 11    Spells: 3/3 levels left

rFire   . . .      SeeInvis .    a - +1 war axe
rCold   . . .      Faith    .    l - +1 kite shield
rNeg    + . .      Spirit   .    b - +0 scale mail
rPois   ∞          Reflect  .    (no helmet)
rElec   +          Harm     .    (no cloak)
rCorr   .          Rampage  .    (no gloves)
Will    .....                    (no boots) Stlth
                                 (no amulet)
HPRegen 0.24/turn                (no ring)
MPRegen 0.09/turn                (no ring)

@: brilliant, attractive
A: sickness immunity, AC +3, negative energy resistance 1, electricity
resistance, torment resistance 1, petrification resistance
a: no special abilities


You were on level 2 of the Dungeon.
You visited 1 branch of the dungeon, and saw 2 of its levels.

You collected 15 gold pieces.

Inventory:

Hand Weapons
 a - a +1 war axe (weapon)
Armour
 b - a +0 scale mail (worn)
 l - a +1 kite shield (worn)
Potions
 d - 2 potions of might
 g - 2 potions of lignification
 k - 2 potions of attraction


   Skills:
 + Level 3.8 Fighting
 + Level 3.0 Axes
 + Level 4.0 Armour
 + Level 3.7 Shields


You had 3 spell levels left.
You didn't know any spells.
Your spell library was empty.

Dungeon Overview and Level Annotations

Branches:
Dungeon (2/15)

Altars:

Annotations:
D:2 Sigmund


Innate Abilities, Weirdness & Mutations

You are immune to sickness and miasma.
Your stone body is resilient. (AC +3)
You are immune to poison.
You resist negative energy. (rN+)
You are resistant to electric shocks. (rElec)
You are resistant to unholy torment.
You are immune to petrification.


Message History

Something completely misses you.
The quokka bites you but does no damage.
You feel less confused. Something hits you but does no damage.
The quokka bites you but does no damage.
The quokka bites you but does no damage.
Something hits you.
The quokka bites you but does no damage.
You block the quokka's attack. Something hits you but does no damage.
The quokka bites you but does no damage.
The quokka bites you but does no damage.
Something hits you but does no damage.
Your transformation is almost over.
The quokka bites you but does no damage.
The quokka bites you but does no damage.
Something hits you but does no damage. You block the quokka's attack.
You block something's attack.
The quokka bites you but does no damage.
The quokka bites you but does no damage.
Something hits you!
The quokka bites you but does no damage.
The quokka bites you but does no damage.
Something hits you but does no damage.
The quokka bites you but does no damage.
You block the quokka's attack. Something hits you but does no damage.
The quokka bites you but does no damage.
You feel less wooden.
Your +0 scale mail unmelds from your body.
The quokka bites you.
You hear some strange, mumbled words.
Something tries to affect you, but you resist.
The quokka barely misses you. Something hits you!
* * * LOW HITPOINT WARNING * * *
The quokka bites you but does no damage.
You block the quokka's attack. Something hits you but does no damage.
The quokka barely misses you. Something hits you!
You die...

.....#.###....##.#
###....# #..#....#..
...
#.##.###....##.#.#.#.##
#.# #.....#.##...#.....
#. ##.#....##.#....?.#
#.#.......#.#.$.
.####.#....##.....
......)....##{#.##.#.#.
.............@r††......
####..###..##.###.##.#.
#.# #........... #.
#..####.## .# # #?.# .#
# #... . #.... ##
###..# ...


You could see a quokka.

Vanquished Creatures
  3 adders (D:2)
  A worm (D:2)
  3 dart slugs
  7 ball pythons
  6 bats (D:1)
  5 endoplasms
  A giant cockroach (D:1)
  5 goblins
  2 hobgoblins (D:1)
  5 jackals (D:1)
  4 kobolds
  2 quokkas
  4 frilled lizards (D:1)
  2 rats (D:1)
50 creatures vanquished.

Notes
Turn   | Place    | Note
-------+----------+-------------------------------------------
     0 | D:1      | bande the Gargoyle Fighter began the quest for the Orb.
     0 | D:1      | Reached XP level 1. HP: 14/14 MP: 1/1
    34 | D:1      | Reached XP level 2. HP: 14/19 MP: 2/2
   183 | D:1      | Reached XP level 3. HP: 19/23 MP: 3/3
   810 | D:2      | Found a faded altar of an unknown god.
   836 | D:2      | Reached XP level 4. HP: 29/29 MP: 4/4
  1060 | D:2      | Noticed Sigmund
  1068 | D:2      | Reached skill level 4 in Armour
  1129 | D:2      | Slain by Sigmund

Illustrated notes

Levels and vault maps discovered:
D:1:      roderic_chinese_lattice_arrival, layout_loops_ring,
          chequers_serial_rivers_room_b
D:2:      layout_loops_ring, hellmonk_ecumenical_altar_blasted,
          minmay_diced_spiral, uniq_sigmund

Skill      XL: |  1  2  3  4 |
---------------+-------------+-----
Axes           | 2 3 |  3.0
Armour         | 4 |  4.0
Fighting       | |  3.8
Shields        | |  3.7

Action                   |  1- 3 |  4- 6 || total
-------------------------+-------+-------++-------
Melee: War axe           |   104 |    36 ||   140
  Use: Potion            |       |     4 ||     4
       Scroll            |       |     2 ||     2
Armor: Scale mail        |    55 |    24 ||    79
       Skin              |       |    44 ||    44
Dodge: Dodged            |    54 |    17 ||    71
Block: Buckler           |    26 |     1 ||    27
       Kite shield       |       |    20 ||    20

Table legend: (Time is in decaauts)
 A = Elapsed time spent in this place.
 B = Non-inter-level travel time spent in this place.
 C = Inter-level travel time spent in this place.
 D = Time resting spent in this place.
 E = Time spent auto-exploring this place.
 F = Levels seen in this place.
 G = Mean time per level.
                   A        B        C        D        E       F      G
               +--------+--------+--------+--------+--------+-----+--------+
         Total |   1193 |   1147 |     46 |      0 |    761 |   2 |  596.5 |
       Dungeon |   1193 |   1147 |     46 |      0 |    761 |   2 |  596.5 |
               +--------+--------+--------+--------+--------+-----+--------+

Top non-repeatable levels by time:
     D:1: 816 daAuts
     D:2: 376 daAuts
